 Dungeon Crawl Stone Soup version 0.28.0-45-g0d030f2227 (webtiles) character file.

Game seed: 14713273040661780468

663 khosmu the Covered (level 7, -3/44 HPs)
             Began as a Gargoyle Berserker on Apr 1, 2022.
             Was an Elder of Trog.
             Slain by a wyvern skeleton (9 damage)
             ... on level 6 of the Dungeon.
             The game lasted 00:42:10 (3470 turns).

khosmu the Covered (Gargoyle Berserker)             Turns: 3470, Time: 00:42:10

Health: -3/44      AC: 21    Str: 23    XL:     7   Next: 56%
Magic:  7/7        EV:  9    Int:  7    God:    Trog [****..]
Gold:   285        SH:  0    Dex: 15    Spells: 6/6 levels left

rFire   . . .      SeeInvis .   k - +0 dagger (drain)
rCold   . . .      Faith    .   (no shield)
rNeg    + . .      Spirit   .   u - +0 chain mail
rPois   ∞          Reflect  .   y - +2 helmet
rElec   +          Harm     .   (no cloak)
rCorr   .          Rampage  .   p - +2 pair of gloves
Will    .....                   (no boots)
Stlth   ..........              (no amulet)
HPRegen 0.14/turn               f - ring of poison resistance
MPRegen 0.10/turn               M - +6 ring of dexterity

@: no status effects
A: sickness immunity, AC +4, negative energy resistance 1, electricity
resistance, torment resistance 1, petrification resistance
a: Renounce Religion, Berserk, Trog's Hand, Brothers in Arms


You were on level 6 of the Dungeon.
You worshipped Trog.
Trog was greatly pleased with you.
You visited 1 branch of the dungeon, and saw 6 of its levels.

You collected 285 gold pieces.

Inventory:

Hand Weapons
 a - a +0 mace
 h - a +0 dagger
 j - a +0 club
 k - a +0 dagger of draining (weapon)
 o - a +0 short sword
 q - a +0 club
 t - a +0 club
 w - a +0 hand axe
 z - a +0 hand axe
 E - a +0 short sword
 N - a +0 hunting sling
Missiles
 d - 94 arrows
 i - 196 stones
 r - 9 poisoned darts
 K - 20 bolts
Armour
 b - a +0 animal skin
 c - a scarf of shadows
 e - a +0 pair of boots
 m - an orb of energy
 p - a +2 pair of gloves (worn)
 u - a +0 chain mail (worn)
 x - a +0 leather armour
 y - a +2 helmet (worn)
Magical Staves
 B - a staff of conjuration
Jewellery
 f - a ring of poison resistance (left hand)
 s - a ring of poison resistance
 G - the ring of the Mage {Wiz Archmagi}
   (You found it on level 4 of the Dungeon)

   [ring of wizardry]

   It improves your spell success rate.
   Archmagi:  It increases the power of your magical spells.
 M - a +6 ring of dexterity (right hand)
Wands
 C - a wand of iceblast (7) (quivered)
 J - a wand of flame (20)
Scrolls
 l - a scroll of teleportation {unknown}
 n - a scroll of fear
 v - a scroll of holy word {unknown}
 A - a scroll of immolation
 D - 2 scrolls of vulnerability {unknown}
 H - a scroll of torment {unknown}
Potions
 F - a potion of berserk rage {unknown}
 I - a potion of mutation {unknown}
 L - a potion of might {unknown}


   Skills:
 + Level 4.6 Fighting
 + Level 4.0 Short Blades
 + Level 3.7 Maces & Flails
 + Level 5.1 Armour
 + Level 2.8 Dodging
 + Level 0.8 Stealth


You had 6 spell levels left.
You didn't know any spells.
Your spell library contained the following spells:

 Spells                   Type           Power      Damage    Failure   Level
 Ensorcelled Hibernation  Hex/Ice        0%         N/A       99%         2
 Spider Form              Tmut/Pois      0%         N/A       100%        3
 Anguish                  Hex/Necr       0%         N/A       100%        4


Dungeon Overview and Level Annotations

Branches:
Dungeon (6/15)             Temple (0/1) D:4

Altars:
Gozag

Shops:
D:4 *


Innate Abilities, Weirdness & Mutations

You are immune to sickness and miasma.
Your stone body is resilient. (AC +4)
You are immune to poison.
You resist negative energy. (rN+)
You are resistant to electric shocks. (rElec)
You are resistant to unholy torment.
You are immune to petrification.


Message History

Things that are here:
a +0 hand axe; an orc corpse You feel better.
The wyvern skeleton closely misses you. The wyvern skeleton bites you.
* * * LOW HITPOINT WARNING * * *
The orc wizard closely misses you.
Unknown command.
You feel better.
The wyvern skeleton bites you but does no damage.
The orc wizard barely misses you.
Aiming: Iceblast
Press: ? - help, Shift-Dir - straight line, f - orc wizard
Aim: an orc wizard, wielding a +0 dagger and wearing a +0 robe
Okay, then.
The orc wizard points at you and mumbles some strange words.
You are confused.
The wyvern skeleton bites you but does no damage.
You are too confused!
The wyvern skeleton bites you.
* * * LOW HITPOINT WARNING * * *
The orc wizard mumbles some strange words.
The orc wizard flickers and vanishes!
Deactivating autopickup; reactivate with Ctrl-A.
The wyvern skeleton bites you but does no damage.
You bump into the rock wall.
You feel less confused. The wyvern skeleton closely misses you.
You hit the wyvern skeleton but do no damage.
The wyvern skeleton bites you!
* * * LOW HITPOINT WARNING * * *
You hit the wyvern skeleton.
The wyvern skeleton is lightly damaged.
The wyvern skeleton misses you.
You hit the wyvern skeleton.
The wyvern skeleton is moderately damaged.
The wyvern skeleton bites you but does no damage.
You hit the wyvern skeleton.
The wyvern skeleton is moderately damaged.
The wyvern skeleton bites you!
You die...

#......... #........#
#........# #........#
#...!....+ #...?.)..#
#......$.######
#....)...#<...#
#........#@#
#........Z.#
###.###....# .
#.###...<+ .###
#..)'....# ...#
#####....#
#.##########....###.
##.....).............
...##########....####


You could see a wyvern skeleton.

Vanquished Creatures
  A black bear (D:2)
  A centaur (D:6)
  A phantom (D:5)
  A scorpion (D:5)
  A bullfrog zombie (D:6)
  A hound (D:5)
  An orc priest (D:5)
  3 iguanas
  8 adders
  A white imp (D:5)
  An ufetubus (D:4)
  An adder skeleton (D:4)
  A worm (D:2)
  8 orcs
  2 bats
  8 endoplasms
  4 giant cockroaches
  7 goblins
  7 hobgoblins
  19 jackals
  5 kobolds
  10 ball pythons
  8 frilled lizards
  10 rats
110 creatures vanquished.

Vanquished Creatures (others)
  3 plants (D:2)
3 creatures vanquished.

Grand Total: 113 creatures vanquished

Notes
Turn   | Place    | Note
-------+----------+-------------------------------------------
     0 | D:1      | khosmu the Gargoyle Berserker began the quest for the Orb.
     0 | D:1      | Reached XP level 1. HP: 14/14 MP: 1/1
   157 | D:1      | Reached XP level 2. HP: 19/19 MP: 2/2
   677 | D:1      | Reached ** piety under Trog
   771 | D:1      | Reached XP level 3. HP: 20/24 MP: 3/3
  1072 | D:2      | Reached XP level 4. HP: 8/29 MP: 4/4
  1243 | D:2      | You fall into a shaft and drop 1 floor!
  1415 | D:3      | Reached skill level 1 in Short Blades
  1814 | D:2      | Reached *** piety under Trog
  1871 | D:2      | Reached XP level 5. HP: 20/33 MP: 5/5
  1881 | D:2      | Noticed a black bear
  1904 | D:2      | Killed a black bear
  1905 | D:2      | Reached skill level 3 in Armour
  2148 | D:1      | Found a faded altar of an unknown god.
  2361 | D:4      | Found a staircase to the Ecumenical Temple.
  2379 | D:4      | Reached XP level 6. HP: 16/38 MP: 6/6
  2399 | D:4      | HP: 1/38 [ufetubus (1)]
  2475 | D:4      | Found Gozag's Platinum Reserve.
  2483 | D:4      | Found an opulent altar of Gozag.
  2716 | D:4      | Found the ring of the Mage {Wiz Archmagi}
  2913 | D:5      | Entered Level 5 of the Dungeon
  3008 | D:5      | Reached skill level 4 in Armour
  3041 | D:5      | Reached **** piety under Trog
  3155 | D:5      | Reached XP level 7. HP: 20/44 MP: 7/7
  3415 | D:6      | Reached skill level 5 in Armour
  3470 | D:6      | Slain by a wyvern skeleton

Illustrated notes

Levels and vault maps discovered:
D:1:      psy_arrival_dodecagon, layout_basic,
          hellmonk_ecumenical_altar_heavens_door
D:2:      cheibrodos_old_hovel, layout_rooms, minmay_mini_jars
D:3:      layout_rooms
D:4:      layout_rooms, nicolae_gozag_zags_fifth_avenue,
          minmay_temple_entry_crystal_x
D:5:      layout_basic
D:6:      layout_basic

Skill      XL: |  1  2  3  4  5  6  7 |
---------------+----------------------+-----
Dodging        | 2 |  2.8
Short Blades   | 1 2 3 4 |  4.0
Fighting       | 4 |  4.6
Armour         | 3 4 5 |  5.1
Maces & Flails | |  3.7
Stealth        | |  0.8

Action                   |  1- 3 |  4- 6 |  7- 9 || total
-------------------------+-------+-------+-------++-------
Melee: Mace              |    53 |       |       ||    53
       Punch             |     1 |     5 |     1 ||     7
       Dagger            |    60 |   351 |    48 ||   459
  Use: Potion            |       |     4 |     2 ||     6
       Scroll            |       |     8 |       ||     8
Armor: Animal skin       |    30 |     6 |       ||    36
       Chain mail        |       |   297 |    47 ||   344
Dodge: Dodged            |    72 |   232 |    36 ||   340
